 Dungeon Crawl Stone Soup version 0.30-a0-457-g4b7bca3bfa (webtiles) character file.

Game seed: 14835329901878821116

77 Brandom the Grasshopper (level 4, 0/57 HPs)
             Began as an Armataur Warper on Dec 13, 2022.
             Was a Follower of Okawaru.
             Slain by Robin
             ... wielding a +0 dagger of venom
              (1 damage)
             ... on level 2 of the Dungeon.
             The game lasted 00:05:59 (1197 turns).

Brandom the Grasshopper (Armataur Warper)           Turns: 1197, Time: 00:05:59

Health: 0/57       AC: 22    Str: 17    XL:     4   Next: 14%
Magic:  7/7        EV:  1    Int: 15    God:    Okawaru [*.....]
Gold:   41         SH:  0    Dex:  9    Spells: 5/7 levels left

rFire   . . .      SeeInvis .    a - +0 falchion
rCold   . . .      Faith    .    o - +0 buckler
rNeg    . . .      Spirit   .    (body armour currently unavailable)
rPois   +          Reflect  .    (helmet currently unavailable)
rElec   .          Harm     .    (cloak currently unavailable)
rCorr   .          Roll     +    (gloves currently unavailable)
Will    .....      NoTele   +    (no barding)
Stlth   +.........               (no amulet)
HPRegen 0.29/turn                (no ring)
MPRegen 0.10/turn                (no ring)

@: confused, mighty, lethally poisoned (0 -> -4), tree-form
A: stationary, stasis, torment immunity, boosted hp, large, rugged brown scales
3, (deformed body), (armoured tail), roll, long tongue, awkward tongue
a: Renounce Religion, Heroism


You were on level 2 of the Dungeon.
You worshipped Okawaru.
Okawaru was aware of your devotion.
You were a tree.
You visited 1 branch of the dungeon, and saw 2 of its levels.

You collected 41 gold pieces.

Inventory:

Hand Weapons
 a - a +0 falchion (weapon)
Missiles
 d - 4 boomerangs of dispersal (quivered) {!f}
Armour
 b - a +0 leather armour (melded)
 f - a +0 leather armour
   (You found it on level 1 of the Dungeon)
 h - a +0 leather armour
   (You found it on level 1 of the Dungeon)
 o - a +0 buckler (worn)
   (You found it on level 1 of the Dungeon)
 p - a +1 cloak (melded)
   (You found it on level 2 of the Dungeon)
Scrolls
 c - a scroll of blinking
 g - a scroll of fog {unknown}
 i - a scroll of silence {unknown}
 m - a scroll of identify {unknown}
Potions
 j - a potion of heal wounds {unknown}
 l - a potion of cancellation {unknown}
 n - a potion of degeneration {unknown}


   Skills:
 + Level 2.2 Fighting
 + Level 2.2 Long Blades
 - Level 0.8 Throwing
 + Level 2.3 Armour
 + Level 1.8 Dodging
 + Level 0.5 Shields
 - Level 2.0 Spellcasting
 + Level 3.3 Translocations
 + Level 0.6 Invocations


You had 5 spell levels left.
You knew the following spells:

 Your Spells              Type           Power      Damage    Failure   Level
b - Blink                 Tloc           22%        N/A       11%         2

Your spell library contained the following spells:

 Spells                   Type           Power      Damage    Failure   Level
 Lesser Beckoning         Tloc           22%        N/A       22%         3
 Teleport Other           Tloc           11%        N/A       22%         3
 Vhi's Electric Charge    Tloc/Air       12%        N/A       38%         3
 Manifold Assault         Tloc           11%        N/A       56%         4


Dungeon Overview and Level Annotations

Branches:
Dungeon (2/15)

Altars:
Okawaru

Annotations:
D:2 Robin


Innate Abilities, Weirdness & Mutations

You are a tree.
Your roots penetrate the ground, keeping you stationary.
You cannot be teleported.
You are immune to unholy pain and torment.
Your maximum health is greatly increased.
Your equipment is partially melded.
(You are completely covered in rugged brown scales. (AC +3, +7% HP))
((Armour fits poorly on your strangely shaped body.))
((You have a long armoured tail.))
You roll when moving toward enemies. (Rampage)
Your long tongue fully drains potion bottles. (2x potion effects)
Your tongue gives you trouble enunciating. (1.5x scroll delay)


Message History

You hit the goblin.
You kill the goblin!
Okawaru accepts your kill. Robin throws the goblin at you!
The goblin closely misses you.
Robin roars a battlecry!
The goblins go into a battle-frenzy!
You hit the goblin. You block the goblin's attack.
You hit the goblin.
You kill the goblin!
Okawaru accepts your kill.
The goblin unwields a +0 dagger.
The goblin wields a +0 sling.
The goblin shoots a sling bullet.
You block the sling bullet.
You roll towards the goblin!
You hit the goblin.
The goblin unwields a +0 sling.
The goblin wields a +0 dagger.
The goblin hits you but does no damage.
You slash the goblin!
You kill the goblin!
Okawaru accepts your kill.
Robin zaps a wand.
The bolt of light hits the hobgoblin!
The hobgoblin dies!
The bolt of light hits you!
You roll towards Robin!
Robin hits you with a +0 dagger of venom.
You are poisoned.
You barely miss Robin.
You feel very sick.
Robin zaps a wand.
The bolt of light hits you!!
You are confused.
Ouch! That really hurt!
* * * LOW HITPOINT WARNING * * *
Robin completely misses you.
You slurp down every last drop of the golden potion!
It was a potion of lignification.
You turn into a tree.
Your +1 cloak melds into your body.
Your +0 leather armour melds into your body.
Your roots penetrate the ground.
* * * LOW HITPOINT WARNING * * *
You feel sick.
Robin zaps a wand.
The bolt of light hits you but does no damage.
You are more confused.
You slurp down every last drop of the bubbling emerald potion!
It was a potion of might.
You feel very mighty all of a sudden.
* * * LOW HITPOINT WARNING * * *
You feel sick.
Robin hits you with a +0 dagger of venom.
You die...

### #<# #)# #)#
...####♣###
....)..g..#
.#.####.#.#
#.####.#.# #...
...#.#.# #....
####.#)#.#
#....##+#+#†.....#.#
#....+........)###.#
#....#......##g# .#


You could see Robin.

Vanquished Creatures
  Jessica (D:1)
  A gnoll (D:1)
  A dart slug (D:1)
  An endoplasm (D:1)
  A giant cockroach (D:1)
  12 goblins
  4 hobgoblins
  A kobold (D:1)
  4 quokkas
  2 ball pythons (D:1)
  3 frilled lizards (D:1)
  4 rats
35 creatures vanquished.

Vanquished Creatures (others)
  A hobgoblin (D:2)
1 creature vanquished.

Grand Total: 36 creatures vanquished

Notes
Turn   | Place    | Note
-------+----------+-------------------------------------------
     0 | D:1      | Brandom the Armataur Warper began the quest for the Orb.
     0 | D:1      | Reached XP level 1. HP: 18/18 MP: 3/3
   117 | D:1      | Reached XP level 2. HP: 25/25 MP: 4/4
   124 | D:1      | Learned a level 2 spell: Blink
   327 | D:1      | Reached XP level 3. HP: 31/31 MP: 6/6
   465 | D:1      | Found a faded altar of an unknown god.
   487 | D:1      | Prayed at the altar of an unknown god.
   487 | D:1      | Became a worshipper of Warmaster Okawaru
   487 | D:1      | Reached * piety under Okawaru
  1026 | D:2      | Noticed Jessica
  1039 | D:1      | Killed Jessica
  1148 | D:2      | Noticed Robin
  1178 | D:2      | Reached XP level 4. HP: 38/38 MP: 7/7
  1196 | D:2      | HP: 2/57 [poisoned by Robin]
  1197 | D:2      | Slain by Robin

Illustrated notes

Levels and vault maps discovered:
D:1:      dpeg_arrival_more_subterranean_lakeside_camping, layout_loops_cross,
          dreamdust_ecumenical_altar_statues, minmay_crystal_water,
          hangedman_abyss_or_decor_lesser_grid, dreamdust_mushroom_princess,
          minmay_misc_feat_plants, chequers_jeans
D:2:      layout_basic, basic_altar, serial_glass, glass_columns_a,
          glass_columns_a, minivault_27, uniq_jessica, uniq_crazy_yiuf_cottage,
          uniq_robin

Skill      XL: |  1  2  3 |
---------------+----------+-----
Long Blades    | 2 |  2.2
Fighting       | 2 |  2.2
Spellcasting   | 2 |  2.0
Armour         | 2 |  2.3
Throwing       | |  0.8
Dodging        | |  1.8
Shields        | |  0.5
Translocations | |  3.3
Invocations    | |  0.6

Action                   |  1- 3 |  4- 6 || total
-------------------------+-------+-------++-------
Melee: Falchion          |    91 |    17 ||   108
       Tailslap          |    14 |     2 ||    16
       Punch             |     2 |       ||     2
Throw: Boomerang         |     3 |       ||     3
  Use: Potion            |       |     2 ||     2
Armor: Leather armour    |    35 |     5 ||    40
       Skin              |       |     1 ||     1
Dodge: Dodged            |    42 |     4 ||    46
Block: Buckler           |     2 |     3 ||     5

Table legend: (Time is in decaauts)
 A = Elapsed time spent in this place.
 B = Non-inter-level travel time spent in this place.
 C = Inter-level travel time spent in this place.
 D = Time resting spent in this place.
 E = Time spent auto-exploring this place.
 F = Levels seen in this place.
 G = Mean time per level.
                   A        B        C        D        E       F      G
               +--------+--------+--------+--------+--------+-----+--------+
         Total |   1220 |   1039 |    181 |      0 |    735 |   2 |  610.0 |
       Dungeon |   1220 |   1039 |    181 |      0 |    735 |   2 |  610.0 |
               +--------+--------+--------+--------+--------+-----+--------+

Top non-repeatable levels by time:
     D:1: 1098 daAuts
     D:2: 121 daAuts
